Map: Prion Terraces

Players

ILLBdA - Winner!

  • Race: Protoss Protoss
  • League: Diamond

개장수

  • Race: Zerg Zerg
  • League: Platinum

VOD

Have the link to the VOD?

Description

Time

  • Played on: Dec. 22, 2015, 11:11 a.m.
  • Length: 8:25
Show
View Real Time Build Order
Export as new Build Order

ILLBdA Protoss - Winner!

Build Orders: Cannon Rush 

Get SALT Encoding   

  12  0:01  Probe (Chrono Boost)  
  13  0:12  Probe (Chrono Boost)  
  14  0:20  Pylon  
  14  0:22  Probe (Chrono Boost)  
  15  0:38  Probe (Chrono Boost)  
  15  0:42  Forge  
  16  0:49  Probe (Chrono Boost)  
  17  0:59  Probe (Chrono Boost)  
  18  1:08  Pylon  
  18  1:10  Probe (Chrono Boost)  
  19  1:32  Photon Cannon  
  19  1:37  Photon Cannon  
  19  1:44  Photon Cannon  
  19  1:45  Pylon  
  19  1:49  Pylon  
  19  1:57  Pylon  
  19  2:00  Pylon  
  19  2:06  Pylon  
  19  2:08  Probe (Chrono Boost)  
  20  2:19  Probe (Chrono Boost)  
  20  2:20  Photon Cannon  
  20  2:21  Assimilator  
  21  2:29  Probe (Chrono Boost)  
  22  2:32  Gateway  
  22  2:34  Assimilator  
  22  2:36  Pylon  
  22  2:39  Photon Cannon  
  22  2:40  Assimilator  
  22  2:47  Probe (Chrono Boost)  
  24  3:05  Probe (Chrono Boost)  
  24  3:07  Pylon  
  24  3:22  Cybernetics Core  
  24  3:26  Pylon, Zealot  
  26  3:31  Photon Cannon  
  26  3:38  Probe (Chrono Boost)  
  27  3:42  Gateway  
  27  3:49  Probe (Chrono Boost)  
  28  4:00  Mothership Core (Chrono Boost), Warp Gate  
  28  4:02  Sentry  
  30  4:28  Gateway  
  30  4:36  Stalker  
  33  4:38  Probe (Chrono Boost)  
  33  4:49  Probe (Chrono Boost)  
  33  4:51  Pylon x2  
  34  4:53  Pylon  
  34  4:55  Pylon  
  34  4:59  Stalker  
  34  5:35  Adept  
  34  5:41  Adept  
  38  6:01  Pylon  
  37  6:08  Zealot  
  39  6:31  Stalker x2  
  39  6:32  Stalker  
  43  6:37  Robotics Facility  
  43  6:59  Zealot x3  
  43  7:21  Adept x2  
  47  7:24  Immortal (Chrono Boost)  
  51  7:36  Sentry  
  53  7:55  Adept x2  
Show
View Real Time Build Order
Export as new Build Order

개장수 Zerg 

Build Orders: 3 Hatch before Pool 

Get SALT Encoding   

  12  0:01  Drone  
  13  0:13  Overlord  
  13  0:20  Drone  
  14  0:32  Drone x2  
  16  0:38  Drone  
  17  0:57  Hatchery  
  17  1:03  Drone x2  
  18  1:13  Drone  
  19  1:31  Hatchery  
  18  2:01  Spawning Pool  
  18  2:16  Extractor  
  18  2:50  Zergling x2  
  18  2:51  Zergling x4  
  20  2:52  Hatchery  
  20  2:54  Queen  
  20  2:58  Evolution Chamber  
  20  3:20  Hatchery  
  20  3:21  Metabolic Boost  
  19  3:32  Zergling x6  
  22  3:53  Overlord  
  22  4:03  Queen  
  22  4:04  Overlord  
  24  4:19  Drone x2  
  23  4:40  Drone x5  
  27  4:46  Roach Warren  
  27  4:52  Burrow  
  26  4:59  Zergling x6  
  29  5:00  Zergling x2  
  30  5:10  Drone  
  30  5:11  Drone  
  28  5:26  Roach  
  28  5:27  Roach  
  28  5:39  Roach  
  30  5:43  Extractor  
  28  5:56  Roach x2  
  32  6:00  Ravager  
  31  6:07  Overlord  
  31  6:14  Drone x2  
  31  6:17  Ravager x2  
  35  6:30  Extractor  
  34  6:43  Roach x3  
  40  6:51  Overlord  
  38  7:05  Roach x2  
  42  7:24  Roach x2  
  42  7:25  Ravager  
Tags
 
Add a new tag
Caveats
  • Supply blocks, unpowered buildings, or Contaminate may cause inaccurate times.
  • Supply counts are checked every 10 seconds.